 Dungeon Crawl Stone Soup version 0.29-a0-317-gd16b76e6b1 (webtiles) character file.

Game seed: 16864734315464892959

383 sanka the Ducker (level 6, 0/53 HPs)
             Began as a Gnoll Monk on Mar 31, 2022.
             Was an Initiate of Ru.
             Succumbed to a killer bee's poison
             ... on level 5 of the Dungeon.
             The game lasted 00:06:02 (5045 turns).

sanka the Ducker (Gnoll Monk)                       Turns: 5045, Time: 00:06:02

Health: 0/53       AC:  3    Str: 13    XL:     6   Next: 76%
Magic:  9/9        EV: 15    Int:  9    God:    Ru [......]
Gold:   164        SH:  0    Dex: 14    Spells: 9/9 levels left

rFire   . . .      SeeInvis .   l - +1 whip (elec)
rCold   . . .      Faith    .   (no shield)
rNeg    . . .      Spirit   .   b - +0 robe
rPois   .          Reflect  .   (no helmet)
rElec   .          Harm     .   (no cloak)
rCorr   .          Rampage  .   w - +0 pair of gloves
Will    .....                   (no boots)
Stlth   +++.......              (no amulet)
HPRegen 0.17/turn               r - ring of flight
MPRegen 0.11/turn               (no ring)

@: lethally poisoned (0 -> -4), flying
A: fangs 1, disrupted magic 1, strong nose, distributed training
a: Renounce Religion


You were on level 5 of the Dungeon.
You worshipped Ru.
Ru was noncommittal.
You visited 1 branch of the dungeon, and saw 5 of its levels.

You collected 164 gold pieces.


Innate Abilities, Weirdness & Mutations

You have very sharp teeth.
Your casting is slightly disrupted.
Your uncanny sense of smell can sniff out nearby items.
Your experience applies equally to all skills.


   Skills:
 + Level 6.9 Fighting
 + Level 2.1 Short Blades
 + Level 2.1 Long Blades
 + Level 6.9 Axes
 + Level 2.1 Maces & Flails
 + Level 2.1 Polearms
 + Level 2.1 Staves
 + Level 2.1 Slings
 + Level 2.1 Bows
 + Level 2.1 Crossbows
 + Level 2.1 Throwing
 + Level 2.1 Armour
 + Level 6.9 Dodging
 + Level 4.7 Stealth
 + Level 2.1 Shields
 + Level 2.1 Unarmed Combat
 + Level 2.1 Spellcasting
 + Level 1.6 Conjurations
 + Level 1.6 Hexes
 + Level 1.6 Summonings
 + Level 1.6 Necromancy
 + Level 1.6 Translocations
 + Level 1.6 Transmutations
 + Level 1.6 Fire Magic
 + Level 1.6 Ice Magic
 + Level 1.6 Air Magic
 + Level 1.6 Earth Magic
 + Level 1.6 Poison Magic
 + Level 2.3 Invocations
 + Level 2.1 Evocations


You had 9 spell levels left.
You didn't know any spells.
Your spell library contained the following spells:

 Spells                   Type           Power      Damage    Failure   Level
 Corpse Rot               Necr/Air       6%         N/A       34%         2
 Poisonous Vapours        Pois/Air       6%         N/A       34%         2

Inventory:

Hand Weapons
 a - a +0 hand axe
 l - a +1 whip of electrocution (weapon)
Missiles
 p - a poisoned dart (quivered)
Armour
 b - a +0 robe (worn)
 w - a +0 pair of gloves (worn)
Jewellery
 r - a ring of flight (left hand)
Scrolls
 d - a scroll of amnesia
 e - a scroll of magic mapping
 f - a scroll of blinking
 j - 2 scrolls of silence {!r}
 q - a scroll of vulnerability {!r}
 s - a scroll of fear {unknown}
 t - 3 scrolls of enchant armour
 u - a scroll of teleportation {unknown}
 v - a scroll of torment {unknown}
Potions
 c - a potion of ambrosia
 g - 5 potions of curing {unknown}
 h - 2 potions of cancellation {unknown}
 i - a potion of lignification {unknown}
 k - a potion of heal wounds {unknown}
 m - a potion of resistance {unknown}
 n - a potion of invisibility {unknown}
 o - 2 potions of attraction {unknown}

Dungeon Overview and Level Annotations

Branches:
Dungeon (5/15)
 Temple: D:4-7

Altars:
Gozag
Nemelex Xobeh
Ru
Vehumet
Xom

Shops:
D:2

= ▒.▒▒▒....y...
▒...▒▒▒.▒▒▒.▒ ▒▒.▒▒
.▒▒ ▒.▒ y. ▒.▒ ..
▒▒▒.▒▒▒ .▒ ▒.....▒
.▒
▒▒▒▒▒.▒▒▒†▒▒▒▒▒▒.▒▒
▒...>.▒ ▒g.(.(.(..▒
▒.▒▒▒.▒▒▒.▒▒▒▒▒▒..▒
▒.▒ ▒.....▒ .....
▒.▒ ▒▒▒▒▒▒▒ ..▒▒▒▒
▒.▒ ... ▒.▒ .▒▒▒
▒.▒ .▒ ▒.▒ .▒
▒▒▒▒▒▒▒▒.▒


There were no monsters in sight!


Message History

You feel less invigorated.
You feel less confused.
* * * LOW HITPOINT WARNING * * *
You feel very sick. The killer bee barely misses you.
The killer bee barely misses you.
You whack the killer bee!
The killer bee is almost dead.
* * * LOW HITPOINT WARNING * * *
You feel sick. The killer bee barely misses you.
Unknown command.
You hit the killer bee.
The killer bee is almost dead.
* * * LOW HITPOINT WARNING * * *
You feel sick.
The killer bee stings you but does no damage.
The killer bee misses you.
Unknown command.
You barely miss the killer bee.
The killer bee is almost dead.
* * * LOW HITPOINT WARNING * * *
You feel sick. The killer bee closely misses you.
The killer bee completely misses you.
Unknown command.
You closely miss the killer bee. You punch the killer bee.
You kill the killer bee!
You die...

Action                   |  1- 3 |  4- 6 || total
-------------------------+-------+-------++-------
Melee: Hand axe          |   116 |    48 ||   164
       Bite              |    15 |    15 ||    30
       Whip              |       |    89 ||    89
       Punch             |       |     5 ||     5
Throw: Dart              |       |     9 ||     9
Invok: Sacrifice Essence |       |     1 ||     1
  Use: Scroll            |       |     6 ||     6
       Potion            |       |     2 ||     2
 Stab: Sleeping          |     9 |     7 ||    16
Armor: Robe              |    18 |     9 ||    27
Dodge: Dodged            |    79 |    97 ||   176

Levels and vault maps discovered:
D:1:      scummos_arrival_checkerplants, layout_rooms,
          hangedman_abyss_or_decor_stabs
D:2:      layout_loops_ring, serial_shops, nicolae_shop_advertising_works
          [nicolae_subvault_shop_adworks], corexii_leaking_fountain
D:3:      layout_loops_cross, mainiacjoe_overflow_six_doors_small,
          nicolae_vehumet_altar_sigil, nicolae_ecumenical_oubliette,
          uniq_crazy_yiuf_cottage
D:4:      layout_loops_cross
D:5:      layout_loops_ring, gammafunk_temple_overflow_claw, minivault_11,
          minmay_misc_feat_rows, minivault_27, kennysheep_potato

Notes
Turn   | Place    | Note
-------+----------+-------------------------------------------
     0 | D:1      | sanka the Gnoll Monk began the quest for the Orb.
     0 | D:1      | Reached XP level 1. HP: 23/23 MP: 1/1
   104 | D:1      | Reached XP level 2. HP: 19/29 MP: 2/2
   847 | D:1      | Reached XP level 3. HP: 35/35 MP: 3/3
   927 | D:2      | Reached skill level 1 in Invocations
  1120 | D:2      | Found Hejixtif's Jewellery Shoppe.
  1465 | D:2      | Reached skill level 1 in Short Blades
  1465 | D:2      | Reached skill level 1 in Long Blades
  1465 | D:2      | Reached skill level 1 in Maces & Flails
  1465 | D:2      | Reached skill level 1 in Polearms
  1465 | D:2      | Reached skill level 1 in Staves
  1465 | D:2      | Reached skill level 1 in Slings
  1465 | D:2      | Reached skill level 1 in Bows
  1465 | D:2      | Reached skill level 1 in Crossbows
  1465 | D:2      | Reached skill level 1 in Throwing
  1465 | D:2      | Reached skill level 1 in Armour
  1465 | D:2      | Reached skill level 1 in Shields
  1465 | D:2      | Reached skill level 1 in Unarmed Combat
  1465 | D:2      | Reached skill level 1 in Spellcasting
  1465 | D:2      | Reached skill level 1 in Evocations
  1612 | D:3      | Found a faded altar of an unknown god.
  1753 | D:3      | Reached XP level 4. HP: 41/41 MP: 5/5
  2052 | D:3      | Found an opulent altar of Gozag.
  2136 | D:3      | Found a radiant altar of Vehumet.
  2380 | D:3      | Reached skill level 1 in Conjurations
  2380 | D:3      | Reached skill level 1 in Hexes
  2380 | D:3      | Reached skill level 1 in Summonings
  2380 | D:3      | Reached skill level 1 in Necromancy
  2380 | D:3      | Reached skill level 1 in Translocations
  2380 | D:3      | Reached skill level 1 in Transmutations
  2380 | D:3      | Reached skill level 1 in Fire Magic
  2380 | D:3      | Reached skill level 1 in Ice Magic
  2380 | D:3      | Reached skill level 1 in Air Magic
  2380 | D:3      | Reached skill level 1 in Earth Magic
  2380 | D:3      | Reached skill level 1 in Poison Magic
  2714 | D:3      | Reached XP level 5. HP: 34/47 MP: 6/6
  3516 | D:4      | Identified the +0 plate armour of the Echidna {-Tele rElec
                  | Int+4}
  3811 | D:4      | Reached XP level 6. HP: 7/53 MP: 8/8
  4168 | D:4      | Reached skill level 2 in Invocations
  4518 | D:5      | Entered Level 5 of the Dungeon
  4579 | D:5      | Found a sacrificial altar of Ru.
  4579 | D:5      | Found a sparkling altar of Nemelex Xobeh.
  4579 | D:5      | Found a shimmering altar of Xom.
  4602 | D:5      | Became a worshipper of Ru the Awakened
  4628 | D:5      | Gained mutation: Your casting is slightly disrupted. [Ru
                  | sacrifice]
  4870 | D:5      | Reached skill level 2 in Short Blades
  4870 | D:5      | Reached skill level 2 in Long Blades
  4870 | D:5      | Reached skill level 2 in Maces & Flails
  4870 | D:5      | Reached skill level 2 in Polearms
  4870 | D:5      | Reached skill level 2 in Staves
  4870 | D:5      | Reached skill level 2 in Slings
  4870 | D:5      | Reached skill level 2 in Bows
  4870 | D:5      | Reached skill level 2 in Crossbows
  4870 | D:5      | Reached skill level 2 in Throwing
  4870 | D:5      | Reached skill level 2 in Armour
  4870 | D:5      | Reached skill level 2 in Shields
  4870 | D:5      | Reached skill level 2 in Unarmed Combat
  4870 | D:5      | Reached skill level 2 in Spellcasting
  4870 | D:5      | Reached skill level 2 in Evocations
  5036 | D:5      | HP: 4/53 [killer bee (2)]
  5042 | D:5      | HP: 4/53 [poisoned by a killer bee]
  5044 | D:5      | HP: 1/53 [poisoned by a killer bee]
  5045 | D:5      | Succumbed to a killer bee's poison

Vanquished Creatures
  A scorpion (D:4)
  4 killer bees
  An iguana (D:4)
  An orc wizard (D:4)
  4 gnolls (D:3)
  3 adders
  A worm (D:3)
  6 dart slugs
  3 orcs (D:4)
  6 endoplasms
  5 goblins
  5 hobgoblins
  3 quokkas
  8 ball pythons
  6 bats
  6 frilled lizards
  5 kobolds
  5 rats
73 creatures vanquished.
